 Dungeon Crawl Stone Soup version 0.29-a0-775-g4d7333d4e2 (webtiles) character file.

Game seed: 6771617990987341939

7 Zdeegee the Sneak (level 2, -1/19 HPs)
             Began as an Octopode Brigand on July 1, 2022.
             Slain by a goblin
             ... wielding a +0 dagger
              (4 damage)
             ... on level 1 of the Dungeon.
             The game lasted 00:00:37 (142 turns).

Zdeegee the Sneak (Octopode Brigand)                 Turns: 142, Time: 00:00:38

Health: -1/19      AC:  1    Str: 10    XL:     2   Next: 4%
Magic:  2/2        EV: 12    Int: 13    God:
Gold:   0          SH:  0    Dex: 13    Spells: 1/1 levels left

rFire   . . .      SeeInvis .   a - +2 dagger
rCold   . . .      Faith    .   (no shield)
rNeg    . . .      Spirit   .   (helmet restricted)
rPois   .          Reflect  .   (no amulet)
rElec   .          Harm     .   (no ring)
rCorr   .          Rampage  .   (no ring)
Will    .....                   (no ring)
Stlth   ++++......              (no ring)
HPRegen 0.06/turn               (no ring)
MPRegen 0.08/turn               (no ring)
                                (no ring)
                                (no ring)

@: no status effects
A: almost no armour, amphibious, 8 rings, camouflage 1, gelatinous body 1,
(nimble swimmer 1), tentacles
a: no special abilities


You were on level 1 of the Dungeon.
You visited 1 branch of the dungeon, and saw 1 of its levels.

Inventory:

Hand Weapons
 a - a +2 dagger (weapon)
Missiles
 b - 9 poisoned darts (quivered)
 c - 3 curare-tipped darts
Scrolls
 e - a scroll of poison {unknown}
 f - a scroll of identify {unknown}
Potions
 d - a potion of curing {unknown}


   Skills:
 * Level 2.0 Fighting
 * Level 2.0 Short Blades
 * Level 2.0 Throwing
 * Level 1.1 Dodging
 * Level 5.6 Stealth
 * Level 0.3 Hexes


You had one spell level left.
You didn't know any spells.
Your spell library contained the following spells:

 Spells                   Type           Power      Damage    Failure   Level
 Ozocubu's Armour         Ice            0%         N/A       67%         3
 Ozocubu's Refrigeration  Ice            0%         4d5       100%        7


Dungeon Overview and Level Annotations

Branches:
Dungeon (1/15)

Altars:


Innate Abilities, Weirdness & Mutations

You cannot wear most types of armour.
You are amphibious.
You can wear up to eight rings at the same time.
Your skin changes colour to match your surroundings (Stealth+).
Your rubbery body absorbs attacks. (AC +1, EV +1)
((You are camouflaged when in or above water. (Stealth+)))
You have tentacles for arms and can constrict up to eight enemies at once.


Message History

The jackal is severely wounded.
The jackal bites you but does no damage.
You hit the jackal but do no damage. Your grab misses the jackal.
Your squeeze misses the jackal.
The jackal is severely wounded.
The jackal bites you but does no damage.
You hit the jackal. You grab the jackal.
The jackal is severely wounded.
You constrict the jackal. The jackal bites you. x2
* * * LOW HITPOINT WARNING * * *
You hit the jackal.
You kill the jackal!
The bat hits you but does no damage.
You closely miss the bat. Your grab misses the bat. You squeeze the bat.
You kill the bat!
The jackal misses you.
You barely miss the jackal. Your grab misses the jackal. The jackal bites you.
* * * LOW HITPOINT WARNING * * *
You hit the jackal. You grab the jackal.
The jackal is heavily wounded.
You constrict the jackal, but do no damage.
The jackal bites you.
* * * LOW HITPOINT WARNING * * *
You hit the jackal.
You kill the jackal!
You closely miss the jackal. Your grab misses the jackal.
The jackal barely misses you. x2
You hit the jackal. Your grab misses the jackal.
The jackal is lightly wounded.
The jackal bites you but does no damage.
You barely miss the jackal. You grab the jackal. You squeeze the jackal.
You kill the jackal!
You hit the jackal. Your grab misses the jackal. You squeeze the jackal.
You kill the jackal!
You have reached level 2!
The goblin closely misses you.
Items here: ††††.
You hit the goblin but do no damage. You grab the goblin.
You constrict the goblin. The goblin hits you with a +0 dagger.
You die...

##### ####.## ....
....... ...## ...g...
[... ....... ..#
....... #.# .......
..#####.######.......
............@gl......
#######.#..###..##.##
#.##.# ..# #.##.# ..#
#.##+###...
#......#.###
#......#.. #......#.#
#......#


You could see a goblin and a frilled lizard.

Vanquished Creatures
  An endoplasm (D:1)
  4 jackals (D:1)
  A bat (D:1)
6 creatures vanquished.

Notes
Turn   | Place    | Note
-------+----------+-------------------------------------------
     0 | D:1      | Zdeegee the Octopode Brigand began the quest for the Orb.
     0 | D:1      | Reached XP level 1. HP: 14/14 MP: 1/1
   141 | D:1      | Reached XP level 2. HP: 3/19 MP: 2/2
   142 | D:1      | Slain by a goblin

Illustrated notes

Levels and vault maps discovered:
D:1:      giann_forest_graveyard, layout_basic

Action                   || total
-------------------------++-------
Melee: Dagger            ||    25
       Constrict         ||     5
       Tentacles         ||     3
Armor: Skin              ||     4
Dodge: Dodged            ||    16

Table legend: (Time is in decaauts)
 A = Elapsed time spent in this place.
 B = Non-inter-level travel time spent in this place.
 C = Inter-level travel time spent in this place.
 D = Time resting spent in this place.
 E = Time spent auto-exploring this place.
 F = Levels seen in this place.
 G = Mean time per level.
                   A        B        C        D        E       F      G
               +--------+--------+--------+--------+--------+-----+--------+
         Total |    139 |    139 |      0 |      0 |    100 |   1 |  139.0 |
       Dungeon |    139 |    139 |      0 |      0 |    100 |   1 |  139.0 |
               +--------+--------+--------+--------+--------+-----+--------+

Top non-repeatable levels by time:
     D:1: 139 daAuts
